 Dungeon Crawl Stone Soup version 0.31.0 (webtiles) character file.

Game seed: 1507637732669328561

777 qw the Shooter (level 7, 0/44 HPs)
             Began as a Gargoyle Hunter on Jan 19, 2024.
             Slain by a scorpion (5 damage)
             ... on level 5 of the Dungeon.
             The game lasted 00:00:19 (3599 turns).

qw the Shooter (Gargoyle Hunter)                    Turns: 3599, Time: 00:00:19

Health: 0/44       AC:  7    Str: 14    XL:     7   Next: 84%
Magic:  7/7        EV: 12    Int: 10    God:
Gold:   144        SH:  0    Dex: 15    Spells: 6/6 levels left

rFire   + . .        a - +1 shortbow
rCold   . . .        (shield currently unavailable)
rNeg    + . .        j - +0 robe {rF+}
rPois   inf          (no helmet)
rElec   +            h - +0 cloak
rCorr   .            (no gloves)
SInv    .            (no boots)
Will    .....        (no amulet)
Stlth   ++           (no ring)
HPRegen 0.27/turn    (no ring)
MPRegen 0.10/turn

%: no passive effects
@: about to teleport
A: sickness immunity, AC +4, negative energy resistance 1, electricity
resistance, torment resistance 1, petrification resistance
a: no special abilities


You were on level 5 of the Dungeon.
You visited 1 branch of the dungeon, and saw 5 of its levels.

You collected 164 gold pieces.
You spent 20 gold pieces at shops.


Innate Abilities, Weirdness & Mutations

You are immune to sickness and miasma.
Your stone body is resilient. (AC +4)
You are immune to poison.
You resist negative energy. (rN+)
You are resistant to electric shocks. (rElec)
You are resistant to unholy torment.
You are immune to petrification.


   Skills:
 - Level 5.4 Fighting
 + Level 7.8 Ranged Weapons
 - Level 1.0 Armour
 - Level 2.1 Dodging
 - Level 1.1 Stealth


You had 6 spell levels left.
You didn't know any spells.
Your spell library was empty.

Inventory:

Hand Weapons
 a - a +1 shortbow (weapon)
Armour
 b - a +0 ring mail
 h - a +0 cloak (worn)
 j - a +0 robe of fire resistance (worn)
Wands
 g - a wand of paralysis (11)
Potions
 c - a potion of enlightenment
 d - a potion of haste
 i - a potion of curing {unknown}

Dungeon Overview and Level Annotations

Branches:
Dungeon (5/15)
 Temple: D:4-7

Altars:
Qazlal
Wu Jian
The Shining One

Shops:
D:4 *

Annotations:
D:4 3 runed translucent doors, qw's ghost, novice GrHu
D:5 Pikel


Message History

You feel strangely unstable.
The gnoll hits you from afar with a +0 spear.
You shoot an arrow. The arrow closely misses the gnoll.
The gnoll misses you.
You shoot an arrow. The arrow hits the gnoll.
The gnoll is moderately wounded.
The gnoll hits you from afar with a +0 spear.
You shoot an arrow. The arrow hits the gnoll.
The gnoll is severely wounded.
Your surroundings suddenly seem different.
A hound comes into view.
The hound barks!
You hear a shout!
An ufetubus comes into view. x2
3591 ||| READING 2 scrolls of teleportation.
As you read the scroll of teleportation, it crumbles to dust.
You feel strangely unstable.
You shoot an arrow. The arrow hits the hound.
The hound is lightly wounded.
The hound barely misses you. The hound bites you.
You shoot an arrow. The arrow hits the hound.
The hound is lightly wounded.
Your surroundings suddenly seem different.
A scorpion comes into view.
You shoot an arrow.
The arrow hits the scorpion but does no damage.
You shoot an arrow.
The arrow hits the scorpion but does no damage.
3596 ||| READING scroll of teleportation.
As you read the scroll of teleportation, it crumbles to dust.
You feel strangely unstable.
You shoot an arrow.
The arrow hits the scorpion but does no damage.
The scorpion stings you.
You shoot an arrow. The arrow hits the scorpion.
The scorpion is lightly wounded.
The scorpion barely misses you.
You shoot an arrow. The arrow hits the scorpion.
The scorpion is moderately wounded.
The scorpion stings you.
You die...

#
..###.####
......s@.#
.........#
.........#
.........#
.........+
..########
.


You could see a scorpion.

Vanquished Creatures
  Grinder (D:3)
  Sigmund (D:3)
  A lemure (D:5)
  A scorpion (D:5)
  A gnoll bouda (D:5)
  2 hounds (D:4)
  2 orc priests
  An iguana (D:4)
  Ijyb (D:3)
  An orc wizard (D:4)
  6 adders
  A gnoll (D:5)
  A dart slug (D:3)
  5 orcs
  7 ball pythons
  9 endoplasms
  A giant cockroach (D:1)
  5 goblins
  7 hobgoblins
  3 quokkas
  7 bats
  5 frilled lizards
  10 kobolds
  7 rats
86 creatures vanquished.

Notes
Turn   | Place    | Note
-------+----------+-------------------------------------------
     0 | D:1      | qw the Gargoyle Hunter began the quest for the Orb.
     0 | D:1      | Reached XP level 1. HP: 12/12 MP: 1/1
     0 | D:1      | 0 ||| qw: Version: 0.3-a-132-g3d54051
     0 | D:1      | 0 ||| qw: Game counter: 344
     0 | D:1      | 0 ||| qw: Melee chars always use a shield: true
     0 | D:1      | 0 ||| qw: God list: Okawaru
     0 | D:1      | 0 ||| qw: Allow faded altars: false
     0 | D:1      | 0 ||| qw: Do Orc after clearing Dungeon:15 true
     0 | D:1      | 0 ||| qw: Do second Lair branch before Depths: true
     0 | D:1      | 0 ||| qw: Lair rune preference: random
     0 | D:1      | 0 ||| qw: Goals: Normal
     0 | D:1      | 0 ||| PLANNING D:1-11
   173 | D:1      | Reached XP level 2. HP: 17/17 MP: 2/2
   568 | D:1      | 568 ||| READING scroll labelled PORGHO BUONWUA.
   568 | D:1      | 568 ||| ENCHANTING +0 shortbow.
   569 | D:1      | 569 ||| READING scroll labelled QUMAHI YPPOZ.
   574 | D:1      | 574 ||| DROPPING scroll of butterflies.
   624 | D:2      | Reached skill level 5 in Ranged Weapons
   624 | D:2      | Reached XP level 3. HP: 21/21 MP: 3/3
  1099 | D:2      | Reached skill level 3 in Fighting
  1099 | D:2      | Reached XP level 4. HP: 22/28 MP: 4/4
  1099 | D:2      | 1099 ||| FLEEEEING.
  1505 | D:2      | 1505 ||| UPGRADING to +0 cloak.
  1510 | D:2      | 1510 ||| READING scroll labelled IHU ROAD HOERGH.
  1511 | D:2      | 1511 ||| READING scroll labelled ELASEA WAXU.
  1512 | D:2      | 1512 ||| READING 2 scrolls labelled NUREFE TIUXZUTIOKH.
  1512 | D:2      | 1512 ||| IDENTIFYING cyan potion
  1513 | D:2      | 1513 ||| READING scroll of identify.
  1513 | D:2      | 1513 ||| IDENTIFYING 2 white potions
  1514 | D:2      | 1514 ||| READING scroll labelled FUROR JENOTT.
  1515 | D:2      | 1515 ||| READING scroll labelled AZXEISOKEB.
  1516 | D:2      | 1516 ||| FLEEEEING.
  1626 | D:2      | 1626 ||| DRINKING 2 brown potions.
  1627 | D:2      | 1627 ||| DROPPING 2 potions of degeneration.
  1654 | D:3      | Noticed Sigmund
  1654 | D:3      | Found a stormy altar of Qazlal.
  1662 | D:3      | 1662 ||| STAIRDANCE
  1664 | D:2      | 1664 ||| FLEEEEING.
  1686 | D:3      | 1686 ||| STAIRDANCE
  1704 | D:3      | 1704 ||| STAIRDANCE
  1719 | D:2      | 1719 ||| UPGRADING to +0 ring mail.
  1729 | D:2      | 1729 ||| DROPPING +0 leather armour.
  1733 | D:3      | 1733 ||| STAIRDANCE
  1775 | D:3      | 1775 ||| STAIRDANCE
  1786 | D:2      | Reached skill level 1 in Armour
  1790 | D:3      | Killed Sigmund
  1791 | D:3      | Reached skill level 6 in Ranged Weapons
  1791 | D:3      | Reached XP level 5. HP: 32/32 MP: 5/5
  1791 | D:3      | Reached XP level 6. HP: 37/37 MP: 6/6
  1796 | D:3      | 1796 ||| STAIRDANCE
  1798 | D:2      | 1798 ||| FLEEEEING.
  1975 | D:3      | Noticed Grinder
  1983 | D:3      | Paralysed by Grinder for 4 turns
  1995 | D:3      | Paralysed by Grinder for 4 turns
  2000 | D:3      | Paralysed by Grinder for 3 turns
  2003 | D:3      | 2003 ||| FLEEEEING.
  2004 | D:3      | 2004 ||| FLEEEEING.
  2006 | D:3      | Killed Grinder
  2007 | D:3      | Reached XP level 7. HP: 27/44 MP: 7/7
  2091 | D:3      | Noticed Ijyb
  2093 | D:3      | Paralysed by Ijyb for 3 turns
  2103 | D:3      | Paralysed by Ijyb for 3 turns
  2107 | D:3      | Killed Ijyb
  2155 | D:3      | Found a faded altar of an unknown god.
  2344 | D:3      | Found a glowing golden altar of the Shining One.
  2580 | D:3      | 2580 ||| READING scroll labelled USAMPE IQOPEPS.
  2667 | D:4      | Found Tunanydu's CLEARANCE SALE!.
  2677 | D:4      | 2677 ||| BUYING potion of heal wounds (20 gold).
  2677 | D:4      | Bought a potion of heal wounds for 20 gold pieces
  2682 | D:4      | Reached skill level 7 in Ranged Weapons
  2753 | D:4      | Found an ornate altar of the Wu Jian Council.
  2868 | D:4      | 2868 ||| FLEEEEING.
  2873 | D:4      | 2873 ||| STAIRDANCE
  2891 | D:3      | 2891 ||| DROPPING ring of magical power.
  2892 | D:3      | 2892 ||| READING scroll of identify.
  2892 | D:3      | 2892 ||| IDENTIFYING coppery potion
  3129 | D:4      | Found a runed translucent gate.
  3130 | D:4      | Found a runed translucent gate.
  3131 | D:4      | Found a runed translucent gate.
  3139 | D:4      | Identified the +6 sling of Pisucimy {freeze, Dex+3 SInv}
  3145 | D:4      | Noticed qw's ghost (novice GrHu)
  3388 | D:4      | 3388 ||| UPGRADING to +0 robe of fire resistance.
  3444 | D:5      | Entered Level 5 of the Dungeon
  3456 | D:5      | 3456 ||| RETREEEEATING.
  3457 | D:5      | Noticed Pikel
  3458 | D:5      | 3458 ||| RETREEEEATING.
  3463 | D:5      | 3463 ||| RETREEEEATING.
  3464 | D:5      | 3464 ||| RETREEEEATING.
  3465 | D:5      | 3465 ||| RETREEEEATING.
  3466 | D:5      | 3466 ||| RETREEEEATING.
  3477 | D:5      | HP: 11/44 [lemure[Pikel] (3)]
  3477 | D:5      | HP: 3/44 [lemure[Pikel] (8)]
  3478 | D:5      | 3478 ||| READING 4 scrolls of teleportation.
  3479 | D:5      | 3479 ||| DRINKING 2 potions of heal wounds.
  3482 | D:5      | 3482 ||| DRINKING potion of heal wounds.
  3586 | D:5      | HP: 10/44 [gnoll/+0 spear[a gnoll bouda] (4)]
  3587 | D:5      | 3587 ||| READING 3 scrolls of teleportation.
  3591 | D:5      | 3591 ||| READING 2 scrolls of teleportation.
  3592 | D:5      | HP: 4/44 [hound (3)]
  3596 | D:5      | 3596 ||| READING scroll of teleportation.
  3597 | D:5      | HP: 5/44 [scorpion (1)]
  3599 | D:5      | Slain by a scorpion

Levels and vault maps discovered:
D:1:      dpeg_arrival_round_c, layout_basic
D:2:      layout_basic
D:3:      layout_rooms, overflow_temple_1_default, tso_altar,
          chequers_ecumenical_altar_simple_redux, minivault_19, hex_medium,
          uniq_ijyb, uniq_sigmund, uniq_grinder
D:4:      layout_basic, mainiacjoe_overflow_24_doors,
          biasface_ghost_orc_armoury, nicolae_shop_clearance
D:5:      layout_gridville, uniq_pikel

Skill      XL: |  1  2  3  4  5  6  7 |
---------------+----------------------+-----
Ranged Weapons | 5 6 7 |  7.8
Fighting       | 3 5 |  5.4
Armour         | 1 |  1.0
Dodging        | 2 |  2.1
Stealth        | |  1.1

Action                     |  1- 3 |  4- 6 |  7- 9 || total
---------------------------+-------+-------+-------++-------
   Fire: Shortbow          |   109 |    76 |   150 ||   335
    Use: Scroll            |     2 |     6 |     6 ||    14
         Potion            |       |     1 |     2 ||     3
 Armour: Leather armour    |    30 |    12 |       ||    42
         Ring mail         |       |    37 |    40 ||    77
         Robe              |       |       |    43 ||    43
  Dodge: Dodged            |    25 |    28 |    54 ||   107

Table legend:
 A = Non-vault XP
 B = Vault XP
 C = Vault XP percentage of total XP
 D = Non-vault monster count
 E = Vault monster count
 F = Vault count percentage of total count
                 A         B        C        D         E       F
            +---------+---------+-------+---------+---------+-------
      Total |     572 |     539 |  48.5 |      82 |       3 |   3.5
            +---------+---------+-------+---------+---------+-------
        D:1 |      33 |       0 |   0.0 |      21 |       0 |   0.0
        D:2 |      78 |       0 |   0.0 |      24 |       0 |   0.0
        D:3 |      75 |     539 |  87.8 |      14 |       3 |  17.6
        D:4 |     251 |       0 |   0.0 |      20 |       0 |   0.0
        D:5 |     135 |       0 |   0.0 |       3 |       0 |   0.0
            +---------+---------+-------+---------+---------+-------
